 Dungeon Crawl Stone Soup version 0.25-a0-681-gdf4e720381 (console) character file.

Game seed: 14841977875260772651, levelgen mode: classic

47630 Duffy the Cleaver (level 14, 0/77 HPs)
             Began as a Formicid Fighter on Mar 30, 2020.
             Was the Champion of Makhleb.
             Killed from afar by a raiju (10 damage)
             ... with a living lightning
             ... on level 2 of the Abyss.
             The game lasted 00:23:45 (18922 turns).

Duffy the Cleaver (Formicid Fighter)               Turns: 18922, Time: 00:23:46

Health: 0/77       AC: 18    Str: 22    XL:     14   Next: 82%
Magic:  0/17       EV: 13    Int:  8    God:    Makhleb [******]
Gold:   1563       SH: 11    Dex:  8    Spells: 13/13 levels left

rFire    + . .     SeeInvis +   a - +2 battleaxe (flame)
rCold    . . .     Gourm    .   c - +0 kite shield
rNeg     . . .     Faith    .   H - +1 plate armour {rF+}
rPois    .         Spirit   +   (helmet unavailable)
rElec    .         Reflect  .   k - +0 cloak
rCorr    .         Harm     .   (no gloves)
MR       +....                  e - +0 pair of boots
Stlth    ..........             x - amulet of guardian spirit
HPRegen  0.22/turn              h - +4 ring of evasion
MPRegen  0.15/turn              z - +2 ring of dexterity

@: no status effects
A: permanent stasis, dig shafts and tunnels, four strong arms, antennae 3,
[blurry vision 2], [clumsy 2], frail 1[+2], [low mp 2], [screaming 2], [weak 2]
a: Dig, Shaft Self, Minor Destruction, Lesser Servant of Makhleb, Major
Destruction, Greater Servant of Makhleb, Renounce Religion


You were on level 2 of the Abyss.
You worshipped Makhleb.
Makhleb was exalted by your worship.
You were not hungry.

You visited 3 branches of the dungeon, and saw 17 of its levels.
You visited the Abyss 1 time.
You also visited: Ice Cave and Volcano.

You collected 1563 gold pieces.

Inventory:

Hand Weapons
 a - a +2 battleaxe of flaming (weapon)
Missiles
 F - 3 throwing nets (quivered)
Armour
 c - a +0 kite shield (worn)
 e - a +0 pair of boots (worn)
 k - a +0 cloak (worn)
 q - a +2 ring mail of poison resistance
 B - the +4 ice dragon scales of Ruyfy {rF- rC++ MR+ Int+4 Dex+3}
   (You found it in an ice cave)

   It affects your intelligence (+4).
   It affects your dexterity (+3).
   It makes you vulnerable to fire.
   It greatly protects you from cold.
   It affects your resistance to hostile enchantments.
 H - a +1 plate armour of fire resistance (worn)
Jewellery
 h - a +4 ring of evasion (left hand)
 m - an uncursed ring of flight
 x - an amulet of guardian spirit (around neck)
 z - a +2 ring of dexterity (right hand)
 C - an uncursed ring of ice
Wands
 r - a wand of scattershot (4)
 s - a wand of iceblast (6)
 t - a wand of acid (31)
 v - a wand of paralysis (13)
 w - a wand of clouds (1)
Scrolls
 b - 2 scrolls of fog
 g - 7 scrolls of magic mapping
 l - 6 scrolls of remove curse
 o - 3 scrolls of fear
 y - a scroll of enchant weapon
 E - 2 scrolls of enchant armour
 I - 3 scrolls of identify
Potions
 d - 2 potions of might
 i - 5 potions of heal wounds
 j - 2 potions of resistance
 n - 8 potions of flight
 u - 4 potions of curing
 A - 10 potions of lignification
 G - 3 potions of invisibility
 O - a potion of brilliance
 P - a potion of stabbing
Comestibles
 f - 32 rations


   Skills:
 - Level 10.0 Fighting
 - Level 14.0 Axes
 - Level 10.0 Armour
 + Level 8.4 Dodging
 - Level 9.0 Shields
 - Level 10.0 Invocations
 + Level 9.5 Evocations


You had 13 spell levels left.
You didn't know any spells.
Your spell library contained the following spells:

 Spells                   Type           Power        Failure   Level  Hunger
 Animate Skeleton         Necr           N/A          99%         1    ##.....
 Apportation              Tloc           #.....       99%         1    ##.....
 Beastly Appendage        Tmut           #.....       99%         1    ##.....
 Corona                   Hex            #......      99%         1    ##.....
 Foxfire                  Conj/Fire      #...         99%         1    ##.....
 Freeze                   Ice            #...         99%         1    ##.....
 Pain                     Necr           #...         99%         1    ##.....
 Summon Small Mammal      Summ           #...         99%         1    ##.....
 Sticks to Snakes         Tmut           #.......     100%        2    ###....
 Sublimation of Blood     Necr           #.........   100%        2    ###....
 Confusing Touch          Hex            #.......     100%        3    ####...
 Conjure Flame            Conj/Fire      #.......     100%        3    ####...
 Frozen Ramparts          Ice            #.....       100%        3    ####...
 Gell's Gravitas          Tloc           #.........   100%        3    ####...
 Ignite Poison            Fire/Tmut/Pois #.......     100%        3    ####...
 Inner Flame              Hex/Fire       #.......     100%        3    ####...
 Ozocubu's Armour         Chrm/Ice       #.......     100%        3    ####...
 Spider Form              Tmut/Pois      #.........   100%        3    ####...
 Vampiric Draining        Necr           #.........   100%        3    ####...
 Animate Dead             Necr           N/A          100%        4    #####..
 Hailstorm                Conj/Ice       #.......     100%        4    #####..
 Ice Form                 Ice/Tmut       #.......     100%        4    #####..
 Petrify                  Tmut/Erth      #.......     100%        4    #####..
 Sticky Flame             Conj/Fire      #.......     100%        4    #####..
 Summon Ice Beast         Ice/Summ       #.......     100%        4    #####..
 Agony                    Necr           #.......     100%        5    ######.
 Alistair's Intoxication  Tmut/Pois      #.......     100%        5    ######.
 Blade Hands              Tmut           #.........   100%        5    ######.
 Fireball                 Conj/Fire      #.........   100%        5    ######.
 Irradiate                Conj/Tmut      #.........   100%        5    ######.
 Metabolic Englaciation   Hex/Ice        #.........   100%        5    ######.
 Yara's Violent Unravell  Hex/Tmut       #.........   100%        5    ######.
 Eringya's Noxious Bog    Tmut/Pois      #.........   100%        6    #######


Dungeon Overview and Level Annotations

Branches:
Dungeon (10/15)            Temple (1/1) D:4            Lair (6/6) D:9
 Shoals (0/4) Lair:4        Snake (0/4) Lair:3        Slime (0/5) Lair:6
    Orc (0/2) D:9           IceCv (visited)         Volcano (visited)

Altars:
Ashenzari
Cheibriados
Dithmenos
Elyvilon
Fedhas
Gozag
Hepliaklqana
Kikubaaqudgha
Makhleb
Nemelex Xobeh
Okawaru
Qazlal
Ru
Sif Muna
Trog
Uskayaw
Vehumet
Wu Jian
Xom
Yredelemnul
Zin
The Shining One

Annotations:
Lair:6 exclusion: door


Innate Abilities, Weirdness & Mutations

You cannot be hasted, slowed, berserked, paralysed or teleported.
You can dig through walls and to a lower floor.
Your four strong arms can wield two-handed weapons with a shield.
You have a pair of large antennae on your head. (SInv)
[Scrolls take you longer to read.]
[You are very clumsy. (Dex -4)]
[You are extremely frail. (-30% HP)]
[Your magical capacity is very low. (-20% MP)]
[You sometimes yell uncontrollably at your foes.]
[You are very weak. (Str -4)]


Message History

A chorus of shrieks assaults your mind.
You slash the raiju! You burn the raiju.
The raiju is severely wounded.
You slash the raiju! You burn the raiju.
The raiju bursts into living lightning!
The living lightning hits you!!
The raiju blinks!
The raiju bites you but does no damage.
A deafening chorus of shrieks assaults your mind!
A starcursed mass splits.
You are too injured to fight recklessly!
You are too injured to fight recklessly!
You are too injured to fight recklessly!
You completely miss the raiju.
The raiju is severely wounded.
You block the raiju's attack.
A deafening chorus of shrieks assaults your mind!
Your stasis prevents you from being paralysed.
The raiju bursts into living lightning!
The living lightning hits you!
You die...

## #.. . # #
.#.#..#..>#...#
..#..##.# ...#. .
... ..#... . # #
... #..##.## .#
.# . # . .
##.#..#.### ..
..#. .####....#
.# ... #.
###.....# ....
.###@.#...... ##
.... #.Xh.h.# . .
....X............
##XX..#.#...####
#..#X##.#..#.#
##h.# .##.##...
.#X . #... ... #
. .# #.# ...


You could see 6 starcursed masses and 3 raiju.

Vanquished Creatures
  Rupert (Lair:5)
  A dire elephant (Lair:6)
  A fire dragon (Volcano)
  A catoblepas (Lair:6)
  6 hydras
  12 death yaks
  A two-headed ogre (D:9)
  2 thrashing horrors (Abyss:2)
  A wretched star (Abyss:2)
  An unseen horror (D:10)
  2 lindwurms
  Pikel (D:5)
  2 ugly things (IceCv)
  2 merfolk sirens (Lair:4)
  3 black mambas
  A torpor snail (Lair:6)
  3 ice statues (IceCv)
  5 spiny frogs
  2 rime drakes (Lair:6)
  7 komodo dragons
  2 slime creatures (Lair:6)
  2 merfolk (Lair:4)
  10 blink frogs
  Prince Ribbit (D:8)
  6 hippogriffs
  A large abomination (Abyss:2)
  Sigmund (D:3)
  6 wyverns
  A spriggan (D:8)
  13 fire bats
  32 yaks
  3 basilisks
  A steam dragon (Volcano)
  A neqoxec (Abyss:2)
  Menkaure (D:4)
  6 nagas (Lair:3)
  A hell hound (Volcano)
  3 porcupines
  9 water moccasins
  4 orc warriors (D:9)
  6 ice beasts (IceCv)
  2 ogres
  2 sky beasts (D:9)
  4 slaves (D:5)
  4 phantoms
  14 wolves
  15 crocodiles
  2 centaurs
  2 big kobolds
  9 bullfrogs
  A gnoll sergeant (D:8)
  A scorpion (D:4)
  2 electric eels (Lair:2)
  3 crimson imps
  A quasit (D:7)
  A centaur zombie (D:7)
  6 hounds
  2 jellies (Lair:6)
  2 centaur skeletons (D:5)
  4 orc priests
  3 bullfrog skeletons
  Jessica (D:3)
  Ijyb (D:3)
  4 orc wizards
  8 hell rats (Lair:3)
  10 worker ants
  A killer bee zombie (D:10)
  A hound skeleton (D:5)
  3 worker ant zombies
  7 gnolls
  A howler monkey skeleton (D:5)
  9 adders
  13 river rats (Lair:3)
  A shadow imp (D:8)
  An ooze (D:2)
  An adder zombie (D:4)
  An adder skeleton (D:7)
  3 worms
  A dart slug (D:3)
  8 leopard geckos
  34 orcs
  3 ball pythons
  9 bats
  7 giant cockroaches
  7 goblins
  6 hobgoblins
  23 kobolds
  14 quokkas
  9 frilled lizards
  18 rats
  4 fungi
  2 plants
456 creatures vanquished.

Vanquished Creatures (others)
  A worker ant (D:5)
  2 bushes (Lair:6)
  9 fungi (Lair:6)
  6 plants
18 creatures vanquished.

Grand Total: 474 creatures vanquished

Notes
Turn   | Place    | Note
-------+----------+-------------------------------------------
     0 | D:1      | Duffy the Formicid Fighter began the quest for the Orb.
     0 | D:1      | Reached XP level 1. HP: 18/18 MP: 1/1
   101 | D:1      | Reached XP level 2. HP: 23/24 MP: 2/2
   474 | D:2      | Reached XP level 3. HP: 23/29 MP: 3/3
   802 | D:2      | Reached skill level 3 in Axes
   833 | D:2      | Reached XP level 4. HP: 32/35 MP: 4/4
  1126 | D:2      | Found a hazy altar of Hepliaklqana,
  1483 | D:3      | Noticed Jessica
  1491 | D:3      | Killed Jessica
  1491 | D:3      | Reached skill level 5 in Shields
  1491 | D:3      | Reached XP level 5. HP: 41/41 MP: 5/5
  1630 | D:3      | Noticed Ijyb
  1639 | D:3      | Killed Ijyb
  2041 | D:3      | Reached skill level 4 in Axes
  2380 | D:3      | Noticed Sigmund
  2390 | D:3      | Killed Sigmund
  2390 | D:3      | Reached XP level 6. HP: 47/47 MP: 5/7
  2533 | D:4      | Reached XP level 7. HP: 52/52 MP: 8/8
  2562 | D:4      | Found a staircase to the Ecumenical Temple,
  2587 | Temple   | Entered the Ecumenical Temple
  2805 | Temple   | Became a worshipper of Makhleb the Destroyer
  2907 | D:4      | Found an ancient bone altar of Kikubaaqudgha,
  3257 | D:4      | Noticed Menkaure
  3266 | D:4      | Killed Menkaure
  3266 | D:4      | Reached skill level 5 in Axes
  3641 | D:4      | Found a burning altar of Makhleb,
  3643 | D:4      | Noticed a green death
  4022 | D:4      | Noticed a neqoxec
  4022 | D:4      | Noticed an orange demon
  4076 | D:5      | Entered Level 5 of the Dungeon
  4334 | D:5      | Reached XP level 8. HP: 46/58 MP: 9/11
  4403 | D:5      | Noticed Pikel
  4429 | D:5      | Killed Pikel
  4429 | D:5      | Reached skill level 6 in Axes
  4429 | D:5      | Reached skill level 5 in Evocations
  4774 | D:5      | Found a sparkling altar of Nemelex Xobeh,
  4774 | D:5      | Found an opulent altar of Gozag,
  4981 | D:5      | Reached * piety under Makhleb
  5245 | D:5      | Reached XP level 9. HP: 64/64 MP: 12/12
  5487 | D:6      | Reached skill level 1 in Invocations
  6045 | D:6      | Reached skill level 7 in Axes
  6351 | D:7      | Found an ornate altar of the Wu Jian Council,
  7188 | D:8      | Noticed Prince Ribbit
  7193 | D:8      | Killed Prince Ribbit
  7193 | D:8      | Reached skill level 8 in Axes
  7193 | D:8      | Reached skill level 5 in Invocations
  7302 | D:8      | Found a bloodstained altar of Trog,
  7411 | D:8      | Found an iron altar of Okawaru,
  7667 | D:8      | Reached ** piety under Makhleb
  7950 | D:9      | Noticed a two-headed ogre
  7978 | D:9      | Reached XP level 10. HP: 25/71 MP: 14/14
  7979 | D:9      | Killed a two-headed ogre
  7979 | D:9      | Reached skill level 5 in Fighting
  8055 | D:9      | Found a staircase to the Orcish Mines,
  8066 | D:9      | Reached skill level 9 in Axes
  8073 | D:9      | Found a staircase to the Lair,
  8365 | D:9      | Found a shimmering altar of Xom,
  8467 | D:9      | Reached *** piety under Makhleb
  8952 | D:10     | Entered Level 10 of the Dungeon
  9177 | D:10     | Noticed an unseen horror
  9206 | D:10     | Killed an unseen horror
  9676 | Lair:1   | Entered Level 1 of the Lair of Beasts
  9676 | Lair:1   | Noticed a komodo dragon
  9687 | Lair:1   | Killed a komodo dragon
  9687 | Lair:1   | Reached skill level 5 in Armour
  9687 | Lair:1   | Reached XP level 11. HP: 52/84 MP: 16/16
  9725 | Lair:1   | Found a dark tunnel,
  9728 | Volcano  | Entered a volcano
  9752 | Volcano  | Reached skill level 10 in Axes
  9754 | Volcano  | Noticed a lindwurm
  9776 | Volcano  | Killed a lindwurm
  9822 | Volcano  | Noticed a fire dragon
  9837 | Volcano  | Killed a fire dragon
 10014 | Lair:1   | Found a frozen archway,
 10024 | IceCv    | Entered an ice cave
 10047 | IceCv    | Noticed a white ugly thing
 10055 | IceCv    | Killed a white ugly thing
 11271 | IceCv    | Reached skill level 10 in Armour
 11279 | IceCv    | Noticed a white ugly thing
 11908 | IceCv    | Killed a white ugly thing
 11925 | IceCv    | Got fine ice dragon scales
 11936 | IceCv    | Identified the +4 ice dragon scales of Ruyfy {rF- rC++ MR+
                  | Int+4 Dex+3} (You found it in an ice cave)
 12132 | Lair:1   | Reached XP level 12. HP: 92/92 MP: 15/17
 12228 | Lair:1   | Reached skill level 11 in Axes
 12862 | Lair:2   | Reached **** piety under Makhleb
 13067 | Lair:2   | Reached skill level 12 in Axes
 13779 | Lair:3   | Found a staircase to the Snake Pit,
 14043 | Lair:3   | Reached skill level 13 in Axes
 14295 | Lair:3   | Reached ***** piety under Makhleb
 14867 | Lair:4   | Found a staircase to the Shoals,
 15356 | Lair:4   | Reached XP level 13. HP: 89/98 MP: 14/18
 15364 | Lair:4   | Reached skill level 14 in Axes
 15445 | Lair:4   | Reached skill level 1 in Dodging
 15855 | Lair:5   | Noticed a seven-headed hydra
 15855 | Lair:5   | Noticed a five-headed hydra
 15880 | Lair:5   | Noticed a five-headed hydra
 15888 | Lair:5   | Killed a three-headed hydra
 16478 | Lair:5   | Killed a one-headed hydra
 16506 | Lair:5   | Noticed Rupert
 16516 | Lair:5   | Killed Rupert
 16516 | Lair:5   | Reached skill level 10 in Fighting
 16577 | Lair:5   | Killed a one-headed hydra
 16577 | Lair:5   | Reached skill level 5 in Dodging
 17195 | Lair:6   | Entered Level 6 of the Lair of Beasts
 17203 | Lair:6   | Noticed a catoblepas
 17306 | Lair:6   | Noticed a five-headed hydra
 17318 | Lair:6   | Killed a one-headed hydra
 17318 | Lair:6   | Reached XP level 14. HP: 110/110 MP: 20/20
 17768 | Lair:6   | Found a staircase to the Slime Pits,
 18312 | Lair:6   | Reached skill level 10 in Invocations
 18356 | Lair:6   | Reached ****** piety under Makhleb
 18658 | Lair:6   | Noticed a dire elephant
 18670 | Lair:6   | Killed a dire elephant
 18831 | Lair:6   | Cast into level 2 of the Abyss (a wizard)
 18839 | Abyss:2  | Found a corrupted altar of Lugonu,
 18844 | Abyss:2  | Gained mutation: [You are frail. (-10% HP)] [a neqoxec]
 18913 | Abyss:2  | Noticed a starcursed mass
 18922 | Abyss:2  | Killed from afar by a raiju

Levels and vault maps discovered:
D:1:      minmay_arrival_five_plusses, layout_rooms, skrybe_limestone_x
D:2:      layout_basic, lemuel_coloured_pillars_altar, first_ration
D:3:      layout_loops_corners, uniq_ijyb, uniq_jessica, uniq_sigmund
D:4:      layout_loops_corners, kennysheep_little_box,
          minmay_temple_entry_antechambers, serial_bayou_pond_b,
          wad_floor_pattern_2, makhleb_altar_promises_db, uniq_menkaure
D:5:      layout_loops_ring, grunt_temple_overflow_opulence, uniq_pikel
D:6:      layout_gridville
D:7:      cheibrodos_iron_armory, layout_layer_cave, overflow_temple_1_default
D:8:      layout_loops_ring, marbit_many_paths, basic_altar, the_bakery,
          uniq_prince_ribbit1
D:9:      layout_basic, xom_teletrap_fun, lair_entry_dummy, david_orc_3
D:10:     layout_loops_cross, minivault_25
Temple:   regret_index_temple_generic_petals
Lair:1:   layout_big_grid, portal_ice_cave_entry_pillars_2, enter_volcano_1
Lair:2:   layout_gridlike, infiniplex_staircase_pool
Lair:3:   lemuel_ratsnest, layout_chaotic_city,
          minmay_snake_entry_guardpost_medium, grunt_megastairs_5
Lair:4:   layout_cave_pods, elwin_shoals_entry_stream, lemuel_old_faithful
Lair:5:   layout_regular_city, chequers_serial_rivers_micro_a,
          beast_lair_carwin_7, lemuel_fruit_tree, grunt_megastairs_3,
          uniq_rupert
Lair:6:   evil_forest, layout_gridlike, minmay_slime_entry_pillars
Abyss:2:  base:
D:6

Skill      XL: |  1  2  3  4  5  6  7  8  9 10 11 12 13 14 |
---------------+-------------------------------------------+-----
Shields        | 4 5 6 7 8 9 |  9.0
Axes           | 3 4 5 6 8 9 10 13 14 | 14.0
Evocations     | 2 4 5 6 9 |  9.5
Invocations    | 5 7 8 10 | 10.0
Fighting       | 4 7 8 10 | 10.0
Armour         | 5 10 | 10.0
Dodging        | 6 8 |  8.4

Action                   |  1- 3 |  4- 6 |  7- 9 | 10-12 | 13-15 || total
-------------------------+-------+-------+-------+-------+-------++-------
Melee: War axe           |    82 |   122 |   433 |     5 |       ||   642
       Hand axe          |       |       |    20 |   203 |       ||   223
       Battleaxe         |       |       |       |   507 |   438 ||   945
Invok: Minor Destruction |       |       |       |    46 |       ||    46
 Abil: Dig               |     1 |     1 |     4 |     4 |     5 ||    15
Evoke: Wand              |       |     2 |     1 |    39 |     4 ||    46
  Use: Scroll            |       |     1 |    19 |     7 |     1 ||    28
       Potion            |       |       |       |     1 |     2 ||     3
 Stab: Paralysed         |       |     4 |     2 |     6 |       ||    12
       Distracted        |       |       |     2 |       |       ||     2
       Confused          |       |       |       |       |     2 ||     2
       Petrifying        |       |       |       |       |     1 ||     1
       Petrified         |       |       |       |       |     1 ||     1
  Eat: Chunk             |       |     6 |    11 |    13 |     9 ||    39
       Ration            |       |       |     2 |     4 |     1 ||     7
Armor: Scale mail        |    37 |    43 |       |       |       ||    80
       Ring mail         |       |     7 |   153 |    13 |       ||   173
       Plate armour      |       |       |       |   295 |   178 ||   473
       Ice dragon scales |       |       |       |    32 |       ||    32
Dodge: Dodged            |    53 |    50 |   159 |   219 |   220 ||   701
Block: Kite shield       |    61 |    72 |   273 |   448 |   254 ||  1108

Table legend:
 A = Non-vault XP
 B = Vault XP
 C = Vault XP percentage of total XP
 D = Non-vault monster count
 E = Vault monster count
 F = Vault count percentage of total count
                 A         B        C        D         E       F
            +---------+---------+-------+---------+---------+-------
      Total |   40787 |   27256 |  40.1 |     321 |     125 |  28.0
            +---------+---------+-------+---------+---------+-------
        D:1 |      22 |       0 |   0.0 |      15 |       0 |   0.0
        D:2 |      63 |       0 |   0.0 |      25 |       0 |   0.0
        D:3 |      62 |     303 |  83.0 |      25 |       3 |  10.7
        D:4 |     177 |     175 |  49.7 |      16 |       1 |   5.9
        D:5 |     557 |     629 |  53.0 |      22 |       1 |   4.3
        D:6 |     401 |       0 |   0.0 |      16 |       0 |   0.0
        D:7 |     663 |       0 |   0.0 |      13 |       0 |   0.0
        D:8 |     337 |     469 |  58.2 |      21 |       3 |  12.5
        D:9 |    2164 |     566 |  20.7 |      24 |      11 |  31.4
       D:10 |    1086 |       0 |   0.0 |      16 |       0 |   0.0
     Lair:1 |    2857 |       0 |   0.0 |      15 |       0 |   0.0
     Lair:2 |    2191 |       0 |   0.0 |      18 |       0 |   0.0
     Lair:3 |    1736 |    2704 |  60.9 |      10 |      52 |  83.9
     Lair:4 |    2885 |    1579 |  35.4 |      15 |       4 |  21.1
     Lair:5 |    7802 |    7076 |  47.6 |      13 |      10 |  43.5
     Lair:6 |   14954 |    6553 |  30.5 |      52 |      15 |  22.4
    Abyss:2 |    2830 |       0 |   0.0 |       5 |       0 |   0.0
      IceCv |       0 |    3163 | 100.0 |       0 |      11 | 100.0
    Volcano |       0 |    4039 | 100.0 |       0 |      14 | 100.0
            +---------+---------+-------+---------+---------+-------
